 Dungeon Crawl Stone Soup version 0.20-a0-2-g2b0e13a (webtiles) character file.

245 dobroeutro the Twirler (level 5, -3/41 HPs)
             Began as a Demonspawn Gladiator on Oct 29, 2016.
             Slain by an orc (4 damage)
             ... on level 3 of the Dungeon.
             The game lasted 00:03:53 (2507 turns).

dobroeutro the Twirler (Demonspawn Gladiator)       Turns: 2507, Time: 00:03:54

Health: -3/41      AC:  6    Str: 16    XL:     5   Next: 84%
Magic:  0/5        EV: 13    Int: 10    God:
Gold:   125        SH:  0    Dex: 13    Spells: 0 memorised, 4 levels left

rFire  . . .     SeeInvis .     a - +0 quarterstaff
rCold  . . .     Gourm    .     b - +0 leather armour
rNeg   . . .     Faith    .     (shield currently unavailable)
rPois  .         Spirit   +     c - +0 helmet
rElec  .         Reflect  .     (no cloak)
rCorr  .         Harm     .     (no gloves)
MR     .....                    (no boots)
Stlth  +.........               (no amulet)
                                k - ring of wizardry
                                e - ring of flight

@: no status effects
A: thin metallic scales 1, powered by death 1, magic shield, magic regeneration
a: Evoke Flight


You were on level 3 of the Dungeon.
You were very hungry.

You visited 1 branch of the dungeon, and saw 3 of its levels.

You collected 125 gold pieces.

Inventory:

Hand Weapons
 a - a +0 quarterstaff (weapon)
Missiles
 d - 4 throwing nets (quivered)
Armour
 b - a +0 leather armour (worn)
 c - a +0 helmet (worn)
Jewellery
 e - a ring of flight (left hand)
 k - a ring of wizardry (right hand)
Scrolls
 g - 5 scrolls of identify {unknown}
 h - a scroll of recharging {unknown}
 j - 2 scrolls of enchant weapon {unknown}
 l - a scroll of random uselessness {unknown}
 m - a scroll of immolation {unknown}
 p - a scroll of amnesia {unknown}
Potions
 i - a potion of flight {unknown}
 n - a potion of curing {unknown}
 o - a potion of ambrosia {unknown}
Comestibles
 f - 3 bread rations
 q - a royal jelly


   Skills:
 + Level 3.2 Fighting
 + Level 4.0 Staves
 - Level 1.7 Throwing
 + Level 2.2 Armour
 + Level 3.8 Dodging


You had 4 spell levels left.
You didn't know any spells.

Dungeon Overview and Level Annotations

Branches:
Dungeon (3/15)

Altars:
Dithmenos
Nemelex Xobeh
Qazlal


Innate Abilities, Weirdness & Mutations

You are partially covered in thin metallic scales. (AC +2)
You regenerate a little health from kills.
When hurt, damage is shared between your health and your magic reserves.
You regenerate magic rapidly.


Message History

The orc priest is heavily wounded.
The orc hits you but does no damage.
The orc priest hits you but does no damage.
The orc priest barely misses you. The hobgoblin completely misses you.
You thump the orc priest!
You kill the orc priest!
Your Staves skill increases to level 4!
The orc barely misses you. The orc priest closely misses you.
The hobgoblin barely misses you.
You barely miss the orc priest. The orc barely misses you.
The orc priest hits you but does no damage.
The hobgoblin hits you but does no damage.
The orc hits you.
* * * LOW HITPOINT WARNING * * *
You closely miss the orc priest.
The orc priest mumbles some strange prayers to Beogh against you.
Pain shoots through your body!
* * * LOW HITPOINT WARNING * * *
The orc hits you.
You die...

## ........# #.
...$....# ###.
#........
#...##.......#
#.##.....r....
#.##.#.......#
##.##.#)g.....#
#.....o@o......
#####...#.####...##
#.........# .#
#.######..... #.#
#..#..# #.# #..#...
######.# # #.......
#..)...# #. .......###
#.####.###.##.........


You could see an orc priest, an orc, a hobgoblin and a rat.

Vanquished Creatures
  2 orc priests (D:3)
  Terence (D:3)
  Robin (D:3)
  4 gnolls
  2 adders
  3 worms
  3 dart slugs
  3 leopard geckos
  4 orcs
  2 ball pythons (D:2)
  3 giant cockroaches
  11 goblins
  11 hobgoblins
  2 quokkas (D:2)
  2 bats
  4 frilled lizards
  10 kobolds
  2 rats
70 creatures vanquished.

Notes
Turn   | Place    | Note
-------+----------+-------------------------------------------
     0 | D:1      | dobroeutro the Demonspawn Gladiator began the quest for the Orb.
     0 | D:1      | Reached XP level 1. HP: 16/16 MP: 1/1
    10 | D:1      | Noticed a bullfrog
   126 | D:1      | Gained mutation: You are partially covered in thin metallic scales. (AC +2) [demonic ancestry]
   126 | D:1      | Reached XP level 2. HP: 18/22 MP: 2/2
   562 | D:1      | Reached skill level 3 in Staves
   848 | D:2      | Reached skill level 1 in Armour
   900 | D:2      | Gained mutation: You regenerate a little health from kills. [demonic ancestry]
   900 | D:2      | Reached XP level 3. HP: 20/28 MP: 3/3
   911 | D:2      | Found a sparkling altar of Nemelex Xobeh.
  1081 | D:2      | Found a stormy altar of Qazlal.
  1414 | D:3      | Noticed Robin
  1430 | D:3      | Gained mutation: When hurt, damage is shared between your health and your magic reserves. [demonic ancestry]
  1430 | D:3      | Reached XP level 4. HP: 32/34 MP: 4/4
  1523 | D:3      | Found a shadowy altar of Dithmenos.
  1523 | D:3      | Noticed Terence
  1528 | D:3      | Killed Terence
  1855 | D:2      | Gained mutation: You regenerate magic rapidly. [demonic ancestry]
  1855 | D:2      | Reached XP level 5. HP: 7/40 MP: 2/5
  2307 | D:3      | Killed Robin
  2505 | D:3      | Reached skill level 4 in Staves
  2507 | D:3      | HP: 1/41 [orc priest/nerve-wracking pain (10)]
  2507 | D:3      | Slain by an orc

Vault maps used:
D:1:      evilmike_arrival_come_back
D:2:      nemelex_xobeh_ov_fountains_minmay, nicolae_qazlal_general_emergency
D:3:      old_standard_altar, minivault_4, uniq_terence, uniq_robin

Skill      XL: |  1  2  3  4  5 |
---------------+----------------+-----
Staves         | 3 4 |  4.0
Dodging        | 3 |  3.8
Armour         | 1 2 |  2.2
Fighting       | 3 |  3.2
Throwing       | |  1.7

Action                   |  1- 3 |  4- 6 || total
-------------------------+-------+-------++-------
Melee: Quarterstaff      |   128 |   118 ||   246
  Use: Potion            |     1 |       ||     1
 Stab: Sleeping          |     1 |       ||     1
  Eat: Bread ration      |     1 |       ||     1
Armor: Leather armour    |    43 |    53 ||    96
Dodge: Dodged            |    99 |   128 ||   227
